 Dungeon Crawl Stone Soup version 0.20.1-1-g8b1a95d66d (webtiles) character file.

751 Popi the Slasher (level 8, -1/61 HPs)
             Began as a Human Fighter on Dec 18, 2017.
             Slain by a worm (5 damage)
             ... on level 4 of the Dungeon.
             The game lasted 00:07:27 (4300 turns).

Popi the Slasher (Human Fighter)                    Turns: 4300, Time: 00:07:27

Health: -1/61      AC:  7    Str: 19    XL:     8   Next: 6%
Magic:  9/9        EV: 10    Int:  8    God:
Gold:   167        SH:  0    Dex: 18    Spells: 7/7 levels left

rFire    . . .     SeeInvis .   a - +0 long sword
rCold    + . .     Gourm    .   (no shield)
rNeg     . . .     Faith    .   s - +0 ring mail (curse)
rPois    .         Spirit   .   (no helmet)
rElec    .         Reflect  .   (no cloak)
rCorr    .         Harm     .   r - +0 pair of gloves
MR       .....                  (no boots)
Stlth    +.........             t - amulet of rage
Regen    0.2/turn               l - ring of protection from cold
MPRegen  0.2/turn               i - +5 ring of dexterity

@: starving
A: no striking features
a: Evoke Berserk Rage


You were on level 4 of the Dungeon.
You were starving.

You visited 1 branch of the dungeon, and saw 4 of its levels.

You collected 167 gold pieces.

Inventory:

Hand Weapons
 a - a +0 long sword (weapon)
Armour
 b - a +1 scale mail
 r - a +0 pair of gloves (worn)
 s - a cursed +0 ring mail (worn)
Jewellery
 i - a +5 ring of dexterity (right hand)
 l - a ring of protection from cold (left hand)
 t - an amulet of rage (around neck)
Scrolls
 c - 7 scrolls of identify
 j - a scroll of random uselessness {unknown}
 k - a scroll of fog {unknown}
 m - a scroll of amnesia {unknown}
 n - 3 scrolls of blinking {unknown}
 o - 3 scrolls of recharging {unknown}
 p - 3 scrolls of remove curse {unknown}
 u - a scroll of fear {unknown}
 v - a scroll of teleportation {unknown}
Potions
 d - 2 potions of might
 e - a potion of berserk rage
 h - 4 potions of curing
Comestibles
 f - 3 bread rations
 g - a royal jelly
 q - 2 fruits


   Skills:
 + Level 4.4 Fighting
 + Level 6.4 Long Blades
 + Level 5.0 Armour
   Level 3.0 Shields
 + Level 1.8 Evocations


You had 7 spell levels left.
You didn't know any spells.

Dungeon Overview and Level Annotations

Branches:
Dungeon (4/15)
 Temple: D:4-7

Altars:
Vehumet


Message History

The adder closely misses you. The adder bites you but does no damage.
Your ring mail prevents you from hitting the worm.
The worm is almost dead.
The adder bites you.
* * * LOW HITPOINT WARNING * * *
The worm bites you but does no damage.
You hit the worm.
The worm is almost dead.
The adder bites you but does no damage. The adder closely misses you.
The worm bites you.
* * * LOW HITPOINT WARNING * * *
You completely miss the worm.
The worm is almost dead.
You feel sick.
You are no longer poisoned.
The adder bites you but does no damage.
Your ring mail prevents you from hitting the worm.
The worm is almost dead.
The adder completely misses you. The worm bites you.
You die...

....######.........<.......
............##...####......
............#..#...........
.....#........##.#####......
..........<......# ....
..............#### #...
.....#.......).#### .. #
....#..........S..# #.#
...)..###.#.####@†## ..#
.)...## #....###.w.###.#
...#.####.##..####.....##.#
.....#.....#..#####.......#
......................#...#
.................).h..##..#
...................l..# ..##
......................##....
........................#
##.


You could see a worm and an adder.

Vanquished Creatures
  An ogre (D:3)
  Blork the orc (D:4)
  2 scorpions (D:4)
  A howler monkey (D:4)
  2 hounds (D:4)
  2 bullfrog skeletons (D:4)
  A gnoll shaman (D:3)
  An orc wizard (D:3)
  Jessica (D:3)
  An iguana (D:4)
  A worker ant (D:4)
  A hound skeleton (D:4)
  4 gnolls (D:3)
  7 adders
  2 oozes
  2 worms
  A dart slug (D:1)
  5 leopard geckos
  3 orcs
  4 giant cockroaches
  3 goblins (D:1)
  12 hobgoblins
  4 jackals
  2 quokkas
  A ball python (D:1)
  6 bats
  7 frilled lizards
  8 kobolds
  12 rats
98 creatures vanquished.

Notes
Turn   | Place    | Note
-------+----------+-------------------------------------------
     0 | D:1      | Popi the Human Fighter began the quest for the Orb.
     0 | D:1      | Reached XP level 1. HP: 18/18 MP: 1/1
   119 | D:1      | Reached XP level 2. HP: 3/24 MP: 2/2
   666 | D:1      | Reached XP level 3. HP: 29/29 MP: 3/3
  1276 | D:2      | Reached XP level 4. HP: 31/35 MP: 4/4
  1403 | D:2      | Reached skill level 3 in Long Blades
  1652 | D:3      | Reached XP level 5. HP: 26/41 MP: 5/5
  1920 | D:3      | Found a radiant altar of Vehumet.
  1934 | D:3      | Noticed Jessica
  1950 | D:3      | Killed Jessica
  1950 | D:3      | Reached skill level 4 in Long Blades
  2188 | D:3      | HP: 2/42 [poisoned by an adder]
  2194 | D:3      | HP: 1/42 [poisoned by an adder]
  2316 | D:3      | Reached XP level 6. HP: 9/48 MP: 6/6
  2781 | D:3      | Reached skill level 1 in Evocations
  3092 | D:4      | Reached skill level 5 in Long Blades
  3102 | D:4      | Noticed Blork the orc
  3108 | D:4      | Reached XP level 7. HP: 29/54 MP: 7/7
  3117 | D:4      | Killed Blork the orc
  3773 | D:4      | Reached skill level 6 in Long Blades
  4103 | D:4      | Reached skill level 5 in Armour
  4103 | D:4      | Reached XP level 8. HP: 33/61 MP: 9/9
  4300 | D:4      | Slain by a worm

Skill      XL: |  1  2  3  4  5  6  7 |
---------------+----------------------+-----
Long Blades    | 3 4 5 6 |  6.4
Armour         | 4 5 |  5.0
Evocations     | 1 |  1.8
Fighting       | 4 |  4.4
Shields        | |  3.0

Action                   |  1- 3 |  4- 6 |  7- 9 || total
-------------------------+-------+-------+-------++-------
Melee: Long sword        |   102 |   139 |    85 ||   326
 Abil: Evoke Berserk Rag |       |     2 |     2 ||     4
  Use: Scroll            |     4 |       |       ||     4
       Potion            |     2 |     1 |       ||     3
  Eat: Chunk             |     1 |     8 |     3 ||    12
       Fruit             |       |       |     1 ||     1
Armor: Scale mail        |    54 |    13 |       ||    67
       Ring mail         |       |    33 |    26 ||    59
Dodge: Dodged            |    69 |    83 |    37 ||   189
       Rpst.: Long sword |    24 |    36 |     9 ||    69
